[Event "European Online Club-ch-H 2021"]
[Site "Online"]
[Date "2021.03.27"]
[Round "1.3"]
[White "Kuzubov, Yuriy"]
[Black "Sertbay, Huseyin"]
[Result "1-0"]
[ECO "A43"]
[WhiteElo "2642"]
[BlackElo "2101"]
[Annotator "ChessBase"]
[PlyCount "73"]
[EventDate "2021.03.27"]
[EventType "team-tourn"]
[EventCountry "NET"]
[SourceTitle "playchess.com"]
[Source "ChessBase"]
[SourceQuality "1"]
[TimeControl "900+5"]

1. d4 Nf6 2. Nf3 c5 3. d5 d6 4. Nc3 e5 5. e4 Nbd7 6. Nd2 Be7 7. Bd3 Nf8 8. Nc4 Ng6 9. g3 O-O 10. a4 b6 11. h4 h6 12. h5 Nh8 13. Ne3 Nh7 14. O-O a6 15. Rb1 Bg5 16. b4 Bxe3 17. Bxe3 Nf6 18. Be2 Bd7 19. bxc5 bxc5 20. Rb3 Qc8 21. a5 Ng4 22. Bd2 f5 23. Rb6 Nf7 24. exf5 Bxf5 25. Rc6 Qd7 26. Na4 Nf6 27. Nb6 Qb7 28. Nxa8 Rxa8 29. Qb1 Qd7 30. Rxa6 Rxa6 31. Bxa6 Nxd5 32. Qb7 Qe6 33. Bc4 Be4 34. f3 Qh3 35. Be1 Ne3 36. Qxf7+ Kh7 37. Qg8# 1-0

[Event "European Online Club-ch-H 2021"]
[Site "Online"]
[Date "2021.03.27"]
[Round "1.4"]
[White "Atasoy, Ata"]
[Black "Brodsky, Michail"]
[Result "0-1"]
[ECO "B94"]
[WhiteElo "1636"]
[BlackElo "2524"]
[Annotator "ChessBase"]
[PlyCount "92"]
[EventDate "2021.03.27"]
[EventType "team-tourn"]
[EventCountry "NET"]
[SourceTitle "playchess.com"]
[Source "ChessBase"]
[SourceQuality "1"]
[TimeControl "900+5"]

1. e4 c5 2. Nf3 d6 3. d4 Nf6 4. Nc3 cxd4 5. Nxd4 a6 6. Bg5 Nbd7 7. Qd2 h6 8. Bh4 e6 9. O-O-O Nxe4 10. Bxd8 Nxd2 11. Rxd2 Kxd8 12. Be2 Kc7 13. Rhd1 Nf6 14. Bf3 d5 15. a3 Bd7 16. Kb1 g5 17. Nb3 g4 18. Be2 h5 19. f3 Bd6 20. Ne4 Nxe4 21. fxe4 Bxh2 22. exd5 exd5 23. Rxd5 Bc6 24. Rf5 Raf8 25. Rdf1 Bd6 26. Rxf7+ Kb8 27. Rxf8+ Bxf8 28. g3 Bd6 29. Nd4 Bg2 30. Rg1 Be4 31. Kc1 Re8 32. c3 Bf8 33. Kd1 Bg7 34. Kd2 Bh6+ 35. Kd1 Be3 36. Rf1 h4 37. gxh4 g3 38. Bf3 g2 39. Bxg2 Bxg2 40. Re1 Bh3 41. Kc2 Re5 42. Kb3 Bxd4 43. Rh1 Be6+ 44. Kc2 Be3 45. h5 Bh6 46. Kd3 Bg4 0-1

[Event "European Online Club-ch-H 2021"]
[Site "Online"]
[Date "2021.03.27"]
[Round "1.5"]
[White "Banusz, Tamas"]
[Black "Vaisser, Anatoly"]
[Result "1-0"]
[ECO "A81"]
[WhiteElo "2631"]
[BlackElo "2501"]
[Annotator "ChessBase"]
[PlyCount "109"]
[EventDate "2021.03.27"]
[EventType "team-tourn"]
[EventCountry "NET"]
[SourceTitle "playchess.com"]
[Source "ChessBase"]
[SourceQuality "1"]
[TimeControl "900+5"]

1. Nf3 f5 2. g3 Nf6 3. Bg2 d6 4. d4 g6 5. O-O Bg7 6. Nbd2 O-O 7. Re1 Nc6 8. e4 fxe4 9. Nxe4 Nxe4 10. Rxe4 Bf5 11. Re1 Nb4 12. Nh4 Qd7 13. Nxf5 Qxf5 14. Re2 Nc6 15. c3 e5 16. Qb3+ Kh8 17. Qxb7 exd4 18. Bxc6 d3 19. Rd2 Bh6 20. Be4 Qf6 21. f4 Rae8 22. Rxd3 Qe6 23. Re3 Bxf4 24. Re1 Bxg3 25. hxg3 Qh3 26. Bf4 Rxf4 27. Bg2 Rxe1+ 28. Rxe1 Qxg3 29. Qc8+ Kg7 30. Re7+ Kf6 31. Qe6+ Kg5 32. Rxh7 Rf5 33. Qe7+ Kg4 34. Qe2+ Kg5 35. Rh3 Qf4 36. Qe3 Kg4 37. Qxf4+ Rxf4 38. Rh7 Kg3 39. Rg7 Rf6 40. Be4 g5 41. Rxg5+ Kf4 42. Rg6 Rf8 43. Bc6 Rb8 44. b4 Ke3 45. Rg7 Kd3 46. Rxc7 Kxc3 47. b5 Kb4 48. Rxa7 Rg8+ 49. Kf2 Kc5 50. a4 d5 51. a5 d4 52. Rd7 Rf8+ 53. Ke2 Kc4 54. a6 Re8+ 55. Kd2 1-0

[Event "European Online Club-ch-H 2021"]
[Site "Online"]
[Date "2021.03.27"]
[Round "1.6"]
[White "Roux, Olivier"]
[Black "Braun, Arik"]
[Result "0-1"]
[ECO "B18"]
[WhiteElo "2156"]
[BlackElo "2609"]
[Annotator "ChessBase"]
[PlyCount "76"]
[EventDate "2021.03.27"]
[EventType "team-tourn"]
[EventCountry "NET"]
[SourceTitle "playchess.com"]
[Source "ChessBase"]
[SourceQuality "1"]
[TimeControl "900+5"]

1. e4 c6 2. d4 d5 3. Nc3 dxe4 4. Nxe4 Bf5 5. Ng3 Bg6 6. Nf3 Nd7 7. Bc4 e6 8. Qe2 Ngf6 9. Bf4 Be7 10. O-O Nd5 11. Bd2 O-O 12. c3 a5 13. a4 Qb6 14. b3 Rfe8 15. Rfe1 Rad8 16. Rac1 Ba3 17. Ra1 Bb2 18. Bxd5 cxd5 19. Bg5 Bxa1 20. Bxd8 Rxd8 21. Rxa1 Qxb3 22. Qd2 Rc8 23. Ne2 h6 24. Kf1 Qc2 25. Ke1 Qxd2+ 26. Kxd2 Kf8 27. Nf4 Be4 28. Ne1 Nb6 29. f3 Bh7 30. Ned3 Nc4+ 31. Ke1 g5 32. Ke2 gxf4 33. Nxf4 Rc6 34. Nd3 Rb6 35. Nc5 Rb2+ 36. Kf1 Ke7 37. Re1 b6 38. Nd3 Bxd3+ 0-1

[Event "European Online Club-ch-H 2021"]
[Site "Online"]
[Date "2021.03.27"]
[Round "1.7"]
[White "Wagner, Dennis"]
[Black "Kirszenberg, Marc"]
[Result "1-0"]
[ECO "B11"]
[WhiteElo "2581"]
[BlackElo "2130"]
[Annotator "ChessBase"]
[PlyCount "59"]
[EventDate "2021.03.27"]
[EventType "team-tourn"]
[EventCountry "NET"]
[SourceTitle "playchess.com"]
[Source "ChessBase"]
[SourceQuality "1"]
[TimeControl "900+5"]

1. e4 c6 2. Nf3 d5 3. Nc3 dxe4 4. Nxe4 Nf6 5. Qe2 Nxe4 6. Qxe4 Be6 7. b3 Bd5 8. Qe3 Nd7 9. Bb2 e6 10. Be2 Bc5 11. d4 Bxf3 12. Bxf3 Bb4+ 13. c3 Be7 14. O-O O-O 15. c4 Nf6 16. Rfd1 Qb6 17. g3 Rfd8 18. Kg2 Rd7 19. h4 g6 20. h5 Rad8 21. hxg6 hxg6 22. Rh1 Bf8 23. c5 Qc7 24. d5 Bg7 25. d6 Qa5 26. Qg5 Rxd6 27. Bxf6 Rd5 28. Bxd5 Rxd5 29. Qh4 Rh5 30. Qd4 1-0

[Event "European Online Club-ch-H 2021"]
[Site "Online"]
[Date "2021.03.27"]
[Round "1.8"]
[White "Marek, Yves"]
[Black "Buhmann, Rainer"]
[Result "0-1"]
[ECO "D36"]
[WhiteElo "2099"]
[BlackElo "2580"]
[Annotator "ChessBase"]
[PlyCount "78"]
[EventDate "2021.03.27"]
[EventType "team-tourn"]
[EventCountry "NET"]
[SourceTitle "playchess.com"]
[Source "ChessBase"]
[SourceQuality "1"]
[TimeControl "900+5"]

1. d4 d5 2. c4 e6 3. Nc3 Nf6 4. cxd5 exd5 5. Bg5 Be7 6. e3 O-O 7. Bd3 Re8 8. Nge2 c6 9. Qc2 Nbd7 10. Bh4 Nf8 11. f3 b5 12. Bf2 Bb7 13. O-O Rc8 14. Rad1 Ne6 15. Qd2 b4 16. Na4 Qa5 17. b3 c5 18. dxc5 Nxc5 19. Nxc5 Bxc5 20. Nd4 Ba6 21. Bf5 Bxf1 22. Bxc8 Bxd4 23. Qxd4 Be2 24. Rd2 Bxf3 25. gxf3 Rxc8 26. Bh4 Rc1+ 27. Kg2 Qa6 28. Rf2 Nd7 29. Qxd5 Nf8 30. Qd2 Qg6+ 31. Bg3 Qb1 32. Qxb4 h5 33. Qe4 Rg1+ 34. Kh3 Qd1 35. Qc2 Qd7+ 36. Kh4 Ng6+ 37. Kxh5 Qh3+ 38. Kg5 f6+ 39. Kxg6 Qh7# 0-1

[Event "European Online Club-ch-H 2021"]
[Site "Online"]
[Date "2021.03.27"]
[Round "1.10"]
[White "Danada, Tomas"]
[Black "Asadli, Vugar"]
[Result "1/2-1/2"]
[ECO "D10"]
[WhiteElo "2321"]
[BlackElo "2572"]
[Annotator "ChessBase"]
[PlyCount "77"]
[EventDate "2021.03.27"]
[EventType "team-tourn"]
[EventCountry "NET"]
[SourceTitle "playchess.com"]
[Source "ChessBase"]
[SourceQuality "1"]
[TimeControl "900+5"]

1. d4 d5 2. c4 c6 3. Nc3 Nf6 4. cxd5 cxd5 5. Bg5 Nc6 6. Bxf6 gxf6 7. e3 e6 8. Bd3 f5 9. Nge2 Bd6 10. Rc1 Bd7 11. g3 h5 12. h4 Ne7 13. Nf4 Bxf4 14. exf4 Qb6 15. Qd2 a6 16. Ne2 Nc6 17. Qc3 Ke7 18. Qc5+ Qxc5 19. Rxc5 Nb4 20. Bb1 Kd6 21. Kd2 Bb5 22. Rc3 Bc4 23. b3 Bxe2 24. Kxe2 a5 25. a3 Nc6 26. Ke3 Ra6 27. Rhc1 Rb6 28. Bd3 f6 29. Bc2 Re8 30. Bd1 Rh8 31. Bc2 Rh7 32. Rd1 Rh6 33. Rd2 Rh8 34. Rd1 Na7 35. Bd3 Nc6 36. Bc2 Rc8 37. Rc1 Re8 38. Bd1 Rh8 39. Bc2 1/2-1/2

[Event "European Online Club-ch-H 2021"]
[Site "Online"]
[Date "2021.03.27"]
[Round "1.11"]
[White "Sadikhov, Ulvi"]
[Black "Zambor, Norbert"]
[Result "1/2-1/2"]
[ECO "B30"]
[WhiteElo "2490"]
[BlackElo "2260"]
[Annotator "ChessBase"]
[PlyCount "72"]
[EventDate "2021.03.27"]
[EventType "team-tourn"]
[EventCountry "NET"]
[SourceTitle "playchess.com"]
[Source "ChessBase"]
[SourceQuality "1"]
[TimeControl "900+5"]

1. e4 c5 2. Nf3 Nc6 3. Bb5 e6 4. O-O Nge7 5. c3 a6 6. Ba4 b5 7. Bc2 Bb7 8. a4 b4 9. d4 bxc3 10. bxc3 cxd4 11. cxd4 Nb4 12. Ba3 Ng6 13. Nbd2 Be7 14. Nb3 Nxc2 15. Bxe7 Qxe7 16. Qxc2 O-O 17. Na5 Rac8 18. Qd3 Ba8 19. Rfe1 f5 20. exf5 Nf4 21. Qd2 Rxf5 22. Re5 Bxf3 23. Rxf5 exf5 24. Qxf4 Be4 25. Qd2 Qd6 26. f3 Bd5 27. Rc1 Rxc1+ 28. Qxc1 h6 29. Qc3 Qb6 30. Kf2 Kh7 31. Ke3 Qf6 32. Kf2 Qh4+ 33. Kg1 Qe7 34. Kf2 Qh4+ 35. Kg1 Qe7 36. Kf2 Qh4+ 1/2-1/2

[Event "European Online Club-ch-H 2021"]
[Site "Online"]
[Date "2021.03.27"]
[Round "1.12"]
[White "Kusiak, Matej"]
[Black "Ahmadzada, Ahmad"]
[Result "0-1"]
[ECO "B59"]
[WhiteElo "2251"]
[BlackElo "2431"]
[Annotator "NA"]
[PlyCount "62"]
[EventDate "2021.03.27"]
[EventType "team-tourn"]
[EventCountry "NET"]
[SourceTitle "playchess.com"]
[Source "ChessBase"]
[SourceQuality "1"]
[TimeControl "900+5"]

1. e4 c5 2. Nf3 e6 3. d4 cxd4 4. Nxd4 Nf6 5. Nc3 d6 6. Be3 Be7 7. f3 O-O 8. Qd2 e5 9. Nb3 Be6 10. Be2 a5 11. a4 Nc6 12. O-O Nb4 13. Rfd1 Rc8 14. Rac1 d5 15. exd5 Nfxd5 16. Nxd5 Nxd5 17. Kh1 Nxe3 18. Qxe3 Qc7 19. Bd3 h6 20. Ra1 Rcd8 21. Re1 Bd6 22. Nd2 f5 23. Qe2 Kh8 24. Nc4 Bxc4 25. Bxc4 e4 26. fxe4 Bxh2 27. Bd3 Bg3 28. Rf1 Qe7 29. Qh5 fxe4 30. Bc4 e3 31. Qh3 Bf2 0-1

[Event "European Online Club-ch-H 2021"]
[Site "Online"]
[Date "2021.03.27"]
[Round "1.13"]
[White "Nagy, Gabor"]
[Black "Sabuk, Piotr"]
[Result "0-1"]
[ECO "D27"]
[WhiteElo "2509"]
[BlackElo "2366"]
[Annotator "ChessBase"]
[PlyCount "144"]
[EventDate "2021.03.27"]
[EventType "team-tourn"]
[EventCountry "NET"]
[SourceTitle "playchess.com"]
[Source "ChessBase"]
[SourceQuality "1"]
[TimeControl "900+5"]

1. d4 d5 2. c4 e6 3. Nf3 Nf6 4. Nc3 dxc4 5. e3 a6 6. Bxc4 b5 7. Bb3 Bb7 8. O-O c5 9. e4 cxd4 10. Nxd4 Nbd7 11. Re1 Nc5 12. Bc2 Be7 13. e5 Nd5 14. Qg4 Nxc3 15. bxc3 Qd5 16. a4 h5 17. Qg3 h4 18. Qh3 b4 19. Rd1 Qxe5 20. cxb4 Ne4 21. Be3 O-O 22. Nf3 Qb2 23. Bxe4 Bxe4 24. Bd4 Qxb4 25. Qg4 Bg6 26. Ne5 Bf5 27. Qf3 Rac8 28. Nc6 Qb7 29. Rac1 Bg5 30. Rc5 Rc7 31. Be3 Bxe3 32. fxe3 Qb6 33. Rdc1 Rd7 34. Nd4 Bg6 35. h3 Rfd8 36. Qf4 Rd5 37. Rxd5 exd5 38. Qxh4 Re8 39. Qf4 Qb2 40. Rc6 Qd2 41. Rxa6 Qe1+ 42. Kh2 Qxe3 43. Qxe3 Rxe3 44. a5 Rd3 45. Nb5 Rd2 46. Kg1 d4 47. Rd6 d3 48. a6 Be4 49. g4 Rc2 50. Kf1 Rc5 51. Nd4 Rc1+ 52. Kf2 d2 53. Rd8+ Kh7 54. Ne6 fxe6 55. Rxd2 Ra1 56. Rd6 Bd5 57. Kg3 g5 58. Rd7+ Kg6 59. a7 Kf6 60. Kf2 Ra3 61. Ke2 Ke5 62. Kd2 Kd4 63. h4 Ra2+ 64. Kc1 gxh4 65. g5 h3 66. g6 h2 67. Rh7 Ra1+ 68. Kb2 h1=Q 69. Rxh1 Rxh1 70. g7 Rg1 71. a8=Q Bxa8 72. g8=Q Rxg8 0-1

[Event "European Online Club-ch-H 2021"]
[Site "Online"]
[Date "2021.03.27"]
[Round "1.14"]
[White "Valuet, Bertrand"]
[Black "Mihok, Oliver"]
[Result "0-1"]
[ECO "B47"]
[WhiteElo "2217"]
[BlackElo "2540"]
[Annotator "ChessBase"]
[PlyCount "78"]
[EventDate "2021.03.27"]
[EventType "team-tourn"]
[EventCountry "NET"]
[SourceTitle "playchess.com"]
[Source "ChessBase"]
[SourceQuality "1"]
[TimeControl "900+5"]

1. e4 c5 2. Nf3 e6 3. d4 cxd4 4. Nxd4 Nc6 5. Nc3 Qc7 6. g3 a6 7. Bg2 Nf6 8. O-O Nxd4 9. Qxd4 Bc5 10. Bf4 d6 11. Qd3 Ng4 12. Qe2 Ne5 13. Na4 Ba7 14. Be3 b5 15. Bxa7 Qxa7 16. Nc3 Bb7 17. Rad1 Qc5 18. Qd2 Nc4 19. Qd4 Qxd4 20. Rxd4 Nxb2 21. Rxd6 Nc4 22. Rd4 Rc8 23. Rb1 Ke7 24. a4 Ne5 25. Nd1 Nc6 26. Rd3 b4 27. Ne3 a5 28. e5 Rc7 29. Nc4 Ba6 30. Bxc6 Bxc4 31. Rd6 Rhc8 32. Be4 f5 33. Bf3 Rc5 34. Rbd1 R8c7 35. R1d4 Rxe5 36. Bc6 Bd5 37. R6xd5 exd5 38. f4 Re4 39. Rxe4+ dxe4 0-1

[Event "European Online Club-ch-H 2021"]
[Site "Online"]
[Date "2021.03.27"]
[Round "1.15"]
[White "Glek, Igor"]
[Black "Appendino, Jerome"]
[Result "1-0"]
[ECO "B51"]
[WhiteElo "2475"]
[BlackElo "2175"]
[Annotator "ChessBase"]
[PlyCount "95"]
[EventDate "2021.03.27"]
[EventType "team-tourn"]
[EventCountry "NET"]
[SourceTitle "playchess.com"]
[Source "ChessBase"]
[SourceQuality "1"]
[TimeControl "900+5"]

1. e4 c5 2. Nf3 d6 3. Bb5+ Nd7 4. d4 cxd4 5. Qxd4 a6 6. Bxd7+ Bxd7 7. Bg5 Qa5+ 8. Nc3 e5 9. Qd3 h6 10. Bh4 g5 11. Bg3 Nf6 12. O-O Be7 13. Rfd1 Bc6 14. Nd2 Rd8 15. Nc4 Qc7 16. Ne3 b5 17. f3 b4 18. Ncd5 Nxd5 19. Nxd5 Bxd5 20. Qxd5 O-O 21. Rac1 Rc8 22. Bf2 Qc4 23. b3 Qxd5 24. Rxd5 Rc6 25. Be1 Rfc8 26. Bxb4 Rxc2 27. Rxc2 Rxc2 28. Rd2 Rxd2 29. Bxd2 h5 30. g4 hxg4 31. fxg4 f6 32. Kf1 Kf7 33. Ke2 Ke6 34. Kd3 d5 35. b4 dxe4+ 36. Kxe4 Bd6 37. a4 Be7 38. b5 axb5 39. axb5 Bc5 40. Ba5 Bd6 41. Bb6 Bb8 42. Bd8 Bd6 43. b6 Bb8 44. b7 Bd6 45. Bb6 Bb8 46. h3 Ke7 47. Kf5 Kf7 48. Bd8 1-0

[Event "European Online Club-ch-H 2021"]
[Site "Online"]
[Date "2021.03.27"]
[Round "1.16"]
[White "Ould Ahmed, Samy"]
[Black "Meessen, Rudolf"]
[Result "1/2-1/2"]
[ECO "C11"]
[WhiteElo "2110"]
[BlackElo "2223"]
[Annotator "NA"]
[PlyCount "102"]
[EventDate "2021.03.27"]
[EventType "team-tourn"]
[EventCountry "NET"]
[SourceTitle "playchess.com"]
[Source "ChessBase"]
[SourceQuality "1"]
[TimeControl "900+5"]

1. e4 e6 2. d4 d5 3. Nc3 Nf6 4. e5 Nfd7 5. f4 c5 6. Nf3 Nc6 7. Be3 cxd4 8. Nxd4 Bc5 9. Qd2 O-O 10. O-O-O Bxd4 11. Bxd4 Qa5 12. Kb1 Rb8 13. Nb5 Qxd2 14. Rxd2 a6 15. Nd6 Nxd4 16. Rxd4 f6 17. exf6 Nxf6 18. Nxc8 Rbxc8 19. g3 Ne4 20. Bh3 Rc6 21. Re1 Re8 22. f5 exf5 23. Rf1 g6 24. Rxd5 Rce6 25. c3 Ng5 26. Bg4 Re5 27. Rxe5 Rxe5 28. Bd1 Ne4 29. Bb3+ Kg7 30. Kc1 Nc5 31. Bc2 Re2 32. Rd1 Rxh2 33. b4 Ne4 34. Bxe4 fxe4 35. Rd7+ Kf6 36. Rxb7 Rxa2 37. Rxh7 e3 38. Kd1 Kf5 39. Re7 Rd2+ 40. Ke1 Rd3 41. Ke2 Rxc3 42. Rxe3 Rc4 43. Rb3 Ke4 44. b5 axb5 45. Rxb5 Rc2+ 46. Kd1 Rf2 47. Rg5 Rf6 48. Ke2 Rb6 49. Kf2 Rf6+ 50. Kg2 Rb6 51. Kf2 Rb2+ 1/2-1/2

[Event "European Online Club-ch-H 2021"]
[Site "Online"]
[Date "2021.03.27"]
[Round "1.17"]
[White "Parvanyan, Ashot"]
[Black "Vasli, Aref"]
[Result "1-0"]
[ECO "E90"]
[WhiteElo "2436"]
[BlackElo "2384"]
[Annotator "NA"]
[PlyCount "57"]
[EventDate "2021.03.27"]
[EventType "team-tourn"]
[EventCountry "NET"]
[SourceTitle "playchess.com"]
[Source "ChessBase"]
[SourceQuality "1"]
[TimeControl "900+5"]

1. Nf3 Nf6 2. c4 g6 3. Nc3 Bg7 4. e4 d6 5. d4 O-O 6. h3 c5 7. d5 e6 8. Bd3 exd5 9. exd5 Re8+ 10. Be3 Rxe3+ 11. fxe3 Qe7 12. O-O Nbd7 13. Qd2 Ne5 14. Nxe5 Qxe5 15. Rf3 Nd7 16. Raf1 Bh6 17. Qf2 a6 18. Qh4 Bg5 19. Qe1 f5 20. Bxf5 gxf5 21. Rg3 h6 22. h4 Nf6 23. hxg5 Ng4 24. gxh6 Bd7 25. Ne2 Kh7 26. Rxg4 fxg4 27. Rf7+ Kh8 28. Rxd7 Rf8 29. Qc3 1-0

[Event "European Online Club-ch-H 2021"]
[Site "Online"]
[Date "2021.03.27"]
[Round "1.18"]
[White "Carstensen, Jacob"]
[Black "Olsen, Filip Boe"]
[Result "0-1"]
[ECO "E32"]
[WhiteElo "2361"]
[BlackElo "2379"]
[Annotator "NA"]
[PlyCount "120"]
[EventDate "2021.03.27"]
[EventType "team-tourn"]
[EventCountry "NET"]
[SourceTitle "playchess.com"]
[Source "ChessBase"]
[SourceQuality "1"]
[TimeControl "900+5"]

1. d4 Nf6 2. c4 e6 3. Nc3 Bb4 4. Qc2 O-O 5. e4 d5 6. e5 Ne4 7. Bd3 c5 8. Nf3 cxd4 9. Nxd4 Nd7 10. Bxe4 dxe4 11. Qxe4 Qa5 12. O-O Qxe5 13. Qh4 h6 14. Ndb5 Qf6 15. Qg3 a6 16. Ne4 Qe5 17. Nbc3 Qxg3 18. hxg3 Ne5 19. b3 f5 20. a3 Ba5 21. Bf4 Nd3 22. b4 Nxf4 23. bxa5 fxe4 24. gxf4 Rxf4 25. Rad1 e5 26. Rd8+ Rf8 27. Rxf8+ Kxf8 28. Nxe4 Be6 29. Nd6 Ke7 30. c5 Bd5 31. f4 exf4 32. Rxf4 Kd7 33. Rf5 Kc6 34. g4 Rb8 35. g5 Kxc5 36. Ne4+ Kd4 37. Nd6 Rd8 38. Nf7 Bxf7 39. Rxf7 hxg5 40. Rxb7 Rd5 41. Rb4+ Kc3 42. Rg4 Rxa5 43. a4 Kb3 44. Kf2 Rxa4 45. Rxg5 Re4 46. Rxg7 a5 47. Rb7+ Ka3 48. Kf3 Re8 49. Rb6 a4 50. Rb7 Ka2 51. Rb6 a3 52. Kf2 Ka1 53. Rb7 a2 54. Rb6 Re4 55. Rb7 Rc4 56. Ke2 Rc1 57. Kd2 Rb1 58. Ra7 Kb2 59. Rb7+ Ka3 60. Ra7+ Kb3 0-1

[Event "European Online Club-ch-H 2021"]
[Site "Online"]
[Date "2021.03.27"]
[Round "1.19"]
[White "Pajeken, Jakob Leon"]
[Black "Laursen, Niels Norskov"]
[Result "1-0"]
[ECO "E60"]
[WhiteElo "2323"]
[BlackElo "2228"]
[Annotator "NA"]
[PlyCount "75"]
[EventDate "2021.03.27"]
[EventType "team-tourn"]
[EventCountry "NET"]
[SourceTitle "playchess.com"]
[Source "ChessBase"]
[SourceQuality "1"]
[TimeControl "900+5"]

1. d4 Nf6 2. Nf3 g6 3. g3 Bg7 4. Bg2 O-O 5. O-O d6 6. b3 c5 7. c4 Nc6 8. Bb2 cxd4 9. Nxd4 Bd7 10. Nc3 Rc8 11. Nc2 a6 12. Qd2 Re8 13. Rfd1 Qa5 14. Ne3 Qh5 15. Ned5 Nxd5 16. Nxd5 Bxb2 17. Qxb2 Rb8 18. Nf4 Qa5 19. Rac1 Rbd8 20. h4 Qe5 21. Qd2 Bf5 22. e3 h5 23. Qe1 Be4 24. f3 Bf5 25. Nd5 Bc8 26. Rd2 Kg7 27. f4 Qf5 28. e4 Qd7 29. Rcd1 b5 30. Kh2 Qa7 31. cxb5 axb5 32. Rc2 Bd7 33. Rxc6 Bxc6 34. Qc3+ f6 35. Qxc6 Rc8 36. Qxb5 Qxa2 37. Nc7 Rb8 38. Nxe8+ 1-0

[Event "European Online Club-ch-H 2021"]
[Site "Online"]
[Date "2021.03.27"]
[Round "1.20"]
[White "Hald Falkesgaard, Jeppe"]
[Black "Arndt, Magnus"]
[Result "1-0"]
[ECO "E48"]
[WhiteElo "1986"]
[BlackElo "2282"]
[Annotator "NA"]
[PlyCount "175"]
[EventDate "2021.03.27"]
[EventType "team-tourn"]
[EventCountry "NET"]
[SourceTitle "playchess.com"]
[Source "ChessBase"]
[SourceQuality "1"]
[TimeControl "900+5"]

1. c4 Nf6 2. Nc3 e6 3. d4 Bb4 4. e3 O-O 5. Bd3 d5 6. Nge2 Re8 7. O-O Nbd7 8. Nf4 c6 9. cxd5 exd5 10. Qc2 Nf8 11. Nce2 Qe7 12. Ng3 Ng6 13. Nxg6 hxg6 14. Bd2 Bd6 15. a3 Bd7 16. Qb3 Ng4 17. Bb4 Bxb4 18. Qxb4 Qh4 19. h3 Nxe3 20. fxe3 Qxg3 21. Rf3 Qc7 22. Raf1 Be6 23. Qe1 c5 24. Qh4 cxd4 25. exd4 a6 26. Qg5 Rac8 27. Rf4 Qd8 28. Qg3 Rc6 29. Rh4 Rf8 30. Rhf4 Qe7 31. Bxg6 Rcc8 32. Bd3 Bd7 33. Rh4 f5 34. Rhf4 Bb5 35. Bxb5 axb5 36. Rxf5 Rxf5 37. Rxf5 Qe4 38. Qg4 Qe1+ 39. Kh2 Rc1 40. Qf3 Qg1+ 41. Kg3 Qe1+ 42. Kg4 Qe4+ 43. Qxe4 dxe4 44. Rxb5 Rc2 45. Kg3 Rc7 46. Re5 Rc2 47. Rxe4 Rxb2 48. Kf3 Kf7 49. g4 Rb3+ 50. Re3 Rb2 51. Kf4 Rd2 52. Ke5 Ke7 53. Rb3 Re2+ 54. Kd5 Kf6 55. Rxb7 Re3 56. Rb6+ Kf7 57. h4 Rxa3 58. Rb7+ Kf6 59. Rb6+ Kf7 60. Ke5 Re3+ 61. Kf4 Rd3 62. Rd6 Ke7 63. Rd5 Ke6 64. Re5+ Kf7 65. Ke4 Rg3 66. Rf5+ Ke7 67. Rf4 Rg1 68. Ke5 g6 69. d5 Re1+ 70. Re4 Rh1 71. g5 Rf1 72. d6+ Kd7 73. Rf4 Re1+ 74. Kf6 Re6+ 75. Kf7 Rxd6 76. Rf6 Rd4 77. Kxg6 Rxh4 78. Kf7 Rh7+ 79. Kg8 Rh5 80. g6 Ke7 81. Kg7 Rh1 82. Rf2 Rg1 83. Re2+ Kd7 84. Kf7 Rf1+ 85. Kg8 Rg1 86. g7 Kd6 87. Rh2 Ke7 88. Kh8 1-0

[Event "European Online Club-ch-H 2021"]
[Site "Online"]
[Date "2021.03.27"]
[Round "2.1"]
[White "Samani, Yamac"]
[Black "Vasli, Aref"]
[Result "1-0"]
[ECO "C92"]
[WhiteElo "2246"]
[BlackElo "2384"]
[Annotator "NA"]
[PlyCount "53"]
[EventDate "2021.03.27"]
[EventType "team-tourn"]
[EventCountry "NET"]
[SourceTitle "playchess.com"]
[Source "ChessBase"]
[SourceQuality "1"]
[TimeControl "900+5"]

1. e4 e5 2. Nf3 Nc6 3. Bb5 a6 4. Ba4 Nf6 5. O-O Be7 6. Re1 b5 7. Bb3 d6 8. c3 O-O 9. h3 Bb7 10. d4 Re8 11. Nbd2 exd4 12. cxd4 Nd7 13. Nf1 Na5 14. Bc2 Bf6 15. Ng3 g6 16. Rb1 c5 17. e5 Bg7 18. Ne4 cxd4 19. Bg5 Qb6 20. Nxd6 Bxf3 21. Qxf3 Nxe5 22. Qd5 Rad8 23. Rxe5 Rxe5 24. Qxf7+ Kh8 25. Bf6 Bxf6 26. Qxf6+ Kg8 27. Bxg6 1-0

[Event "European Online Club-ch-H 2021"]
[Site "Online"]
[Date "2021.03.27"]
[Round "2.2"]
[White "Bromann, Thorbjorn"]
[Black "Agdelen, Huseyin Can"]
[Result "0-1"]
[ECO "D00"]
[WhiteElo "2392"]
[BlackElo "2206"]
[Annotator "NA"]
[PlyCount "56"]
[EventDate "2021.03.27"]
[EventType "team-tourn"]
[EventCountry "NET"]
[SourceTitle "playchess.com"]
[Source "ChessBase"]
[SourceQuality "1"]
[TimeControl "900+5"]

1. d4 d5 2. Bg5 h6 3. Bh4 c5 4. dxc5 Nc6 5. e4 d4 6. c3 Nf6 7. cxd4 Qxd4 8. Nc3 Qxc5 9. Rc1 g5 10. Nd5 Qd6 11. Bg3 e5 12. f3 Nxd5 13. exd5 Ne7 14. Bb5+ Kd8 15. Bc4 f6 16. Ne2 Qb4+ 17. Rc3 Nf5 18. Bf2 Bc5 19. O-O Bxf2+ 20. Rxf2 Nd6 21. a3 Qb6 22. Ba2 Bd7 23. Ng3 Ke7 24. Qc2 Rac8 25. Rxc8 Rxc8 26. Qh7+ Kd8 27. Qh8+ Ne8 28. Nf1 Rc2 0-1

[Event "European Online Club-ch-H 2021"]
[Site "Online"]
[Date "2021.03.27"]
[Round "2.3"]
[White "Sertbay, Huseyin"]
[Black "Laursen, Niels Norskov"]
[Result "1/2-1/2"]
[ECO "A61"]
[WhiteElo "2101"]
[BlackElo "2228"]
[Annotator "NA"]
[PlyCount "54"]
[EventDate "2021.03.27"]
[EventType "team-tourn"]
[EventCountry "NET"]
[SourceTitle "playchess.com"]
[Source "ChessBase"]
[SourceQuality "1"]
[TimeControl "900+5"]

1. d4 Nf6 2. c4 c5 3. d5 e6 4. Nc3 exd5 5. cxd5 d6 6. h3 g6 7. Nf3 Bg7 8. Bf4 O-O 9. e3 a6 10. a4 Qe7 11. Be2 Nbd7 12. O-O Ne8 13. Nd2 Ne5 14. Bh2 f5 15. f4 Nf7 16. e4 fxe4 17. Ndxe4 Bf5 18. Bd3 Bxe4 19. Nxe4 Bxb2 20. Rb1 Bd4+ 21. Kh1 Ng7 22. Re1 Qc7 23. Qd2 Rab8 24. Ng3 Nh6 25. Ne4 Nf7 26. Ng3 Nh6 27. Ne4 Nf7 1/2-1/2

[Event "European Online Club-ch-H 2021"]
[Site "Online"]
[Date "2021.03.27"]
[Round "2.4"]
[White "Hald Falkesgaard, Jeppe"]
[Black "Atasoy, Ata"]
[Result "1-0"]
[ECO "D85"]
[WhiteElo "1986"]
[BlackElo "1636"]
[Annotator "NA"]
[PlyCount "39"]
[EventDate "2021.03.27"]
[EventType "team-tourn"]
[EventCountry "NET"]
[SourceTitle "playchess.com"]
[Source "ChessBase"]
[SourceQuality "1"]
[TimeControl "900+5"]

1. d4 Nf6 2. c4 g6 3. Nc3 d5 4. cxd5 Nxd5 5. e4 Nxc3 6. bxc3 Bg7 7. Rb1 O-O 8. Nf3 c5 9. Be2 Nc6 10. d5 Bxc3+ 11. Bd2 Bxd2+ 12. Qxd2 Na5 13. h4 f6 14. h5 g5 15. h6 e6 16. Qc3 exd5 17. exd5 g4 18. Ng5 Qxd5 19. Nxh7 Kxh7 20. Qxa5 1-0